 Dungeon Crawl Stone Soup version 0.31.0-32-g396128a36d (webtiles) character file.

Game seed: 12666666481460484687

57 TacoSundae the Poker (level 4, 0/38 HPs)
             Began as a Gnoll Reaver on Apr 11, 2024.
             Slain by a gnoll
             ... wielding a +0 spear
              (8 damage)
             ... on level 2 of the Dungeon.
             The game lasted 00:03:12 (1472 turns).

TacoSundae the Poker (Gnoll Reaver)                 Turns: 1472, Time: 00:03:12

Health: 0/38       AC:  5    Str: 14    XL:     4   Next: 0%
Magic:  11/11      EV: 11    Int: 12    God:
Gold:   69         SH:  0    Dex: 10    Spells: 12/13 levels left

rFire   . . .        k - +0 dagger (venom)
rCold   . . .        (no shield)
rNeg    . . .        i - +0 ring mail
rPois   .            (no helmet)
rElec   .            (no cloak)
rCorr   .            (no gloves)
SInv    .            (no boots)
Will    .....        (no amulet)
Stlth   +            (no ring)
HPRegen 0.26/turn    (no ring)
MPRegen 0.12/turn

%: no passive effects
@: no status effects
A: fangs 1, strong nose, distributed training
a: no special abilities


You were on level 2 of the Dungeon.
You visited 1 branch of the dungeon, and saw 2 of its levels.

You collected 69 gold pieces.

Inventory:

Hand Weapons
 a - a +0 spear
 k - a +0 dagger of venom (weapon)
Armour
 b - a +0 leather armour
 i - a +0 ring mail (worn)
Scrolls
 c - a scroll of teleportation {unknown}
 g - a scroll of vulnerability {unknown}
 h - 2 scrolls of enchant weapon {unknown}
 j - a scroll of noise {unknown}
 l - a scroll of acquirement {unknown}
 m - a scroll of immolation {unknown}
 o - a scroll of silence {unknown}
Potions
 d - 3 potions of curing {unknown}
 e - a potion of haste {unknown}
 f - a potion of magic {unknown}
 n - a potion of might {unknown}
 p - a potion of brilliance {unknown}


   Skills:
 + Level 4.6 Fighting
 + Level 1.0 Short Blades
 + Level 1.0 Long Blades
 + Level 1.0 Axes
 + Level 1.0 Maces & Flails
 + Level 6.6 Polearms
 + Level 1.0 Staves
 + Level 1.0 Ranged Weapons
 + Level 1.0 Throwing
 + Level 1.0 Armour
 + Level 4.6 Dodging
 + Level 1.0 Stealth
 + Level 1.0 Shields
 + Level 1.0 Unarmed Combat
 + Level 5.0 Spellcasting
 + Level 5.4 Conjurations
 + Level 0.8 Hexes
 + Level 0.8 Summonings
 + Level 0.8 Necromancy
 + Level 0.8 Translocations
 + Level 0.8 Fire Magic
 + Level 0.8 Ice Magic
 + Level 0.8 Air Magic
 + Level 0.8 Earth Magic
 + Level 0.8 Alchemy
 + Level 1.1 Invocations
 + Level 1.0 Evocations
 + Level 1.0 Shapeshifting


You had 12 spell levels left.
You knew the following spells:

 Your Spells              Type           Power      Damage    Failure   Level
a - Kiss of Death         Conj/Necr      40%        2d8       12%         1

Your spell library contained the following spells:

 Spells                   Type           Power      Damage    Failure   Level
 Momentum Strike          Conj/Tloc      20%        3d8       17%         2
 Hailstorm                Conj/Ice       10%        3d6       34%         3


Dungeon Overview and Level Annotations

Branches:
Dungeon (2/15)

Altars:


Innate Abilities, Weirdness & Mutations

You have very sharp teeth.
Your uncanny sense of smell can sniff out nearby items.
Your experience applies equally to all skills.


Message History

You kill the quokka!
The gnoll hits you from afar with a +0 spear.
The ball python bites you but does no damage.
The ball python grabs you. The ball python constricts you.
You escape the ball python's grasp.
You swing at nothing.
You hit the ball python.
You kill the ball python!
You hit the gnoll.
The gnoll is poisoned.
The gnoll is moderately wounded.
You hit the gnoll.
The gnoll looks even sicker.
The gnoll is moderately wounded.
The gnoll barely misses you.
The gnoll hits you from afar with a +0 spear.
You hit the gnoll.
The gnoll looks as sick as possible!
The gnoll is severely wounded.
The gnoll hits you but does no damage.
The gnoll hits you from afar with a +0 spear.
You barely miss the gnoll.
The gnoll is severely wounded.
You kill the gnoll!
The gnoll barely misses you.
Your Shapeshifting skill increases to level 1!
You have reached level 4!
You feel stronger.
You hit the gnoll but do no damage.
The gnoll is poisoned.
The gnoll hits you with a +0 club. The gnoll barely misses you.
You closely miss the gnoll. The gnoll hits you with a +0 club.
The gnoll hits you from afar with a +0 spear.
* * * LOW HITPOINT WARNING * * *
Unknown command.
You hit the gnoll but do no damage.
The gnoll looks as sick as possible!
The gnoll hits you but does no damage.
The gnoll hits you from afar with a +0 spear.
* * * LOW HITPOINT WARNING * * *
Unknown command.
Found 12 gold pieces.
Found a stone staircase leading up.
The gnoll attacks as it pursues you!
The gnoll hits you from afar with a +0 spear!
You die...

#...# #g### #..## #...#
###..##### ###.#
.........# #.# #
###..###>#######.###..#
#..# #..............#
#..# #########g###..#
###..# #g# ∆# ......
#@# .....# #.........#
...... ........####<#
### $...##### ###


You could see 2 gnolls.

Vanquished Creatures
  An adder (D:2)
  A gnoll (D:2)
  A ribbon worm (D:2)
  A dart slug (D:1)
  3 bats
  2 endoplasms
  3 goblins
  4 hobgoblins
  3 jackals (D:1)
  A kobold (D:1)
  3 quokkas
  3 ball pythons
  2 frilled lizards (D:1)
  3 rats
31 creatures vanquished.

Notes
Turn   | Place    | Note
-------+----------+-------------------------------------------
     0 | D:1      | TacoSundae the Gnoll Reaver began the quest for the Orb.
     0 | D:1      | Reached XP level 1. HP: 20/20 MP: 6/6
   210 | D:1      | Reached XP level 2. HP: 26/26 MP: 7/7
  1156 | D:2      | Reached skill level 5 in Spellcasting
  1156 | D:2      | Reached XP level 3. HP: 31/31 MP: 7/9
  1186 | D:2      | Reached skill level 1 in Invocations
  1382 | D:2      | Reached skill level 1 in Short Blades
  1382 | D:2      | Reached skill level 1 in Long Blades
  1382 | D:2      | Reached skill level 1 in Axes
  1382 | D:2      | Reached skill level 1 in Maces & Flails
  1382 | D:2      | Reached skill level 1 in Staves
  1382 | D:2      | Reached skill level 1 in Ranged Weapons
  1382 | D:2      | Reached skill level 1 in Throwing
  1382 | D:2      | Reached skill level 1 in Armour
  1382 | D:2      | Reached skill level 1 in Stealth
  1382 | D:2      | Reached skill level 1 in Shields
  1382 | D:2      | Reached skill level 1 in Unarmed Combat
  1382 | D:2      | Reached skill level 1 in Evocations
  1469 | D:2      | Reached skill level 1 in Shapeshifting
  1469 | D:2      | Reached XP level 4. HP: 24/38 MP: 11/11
  1472 | D:2      | Slain by a gnoll

Illustrated notes

Levels and vault maps discovered:
D:1:      evilmike_arrival_fibonacci_small, layout_basic,
          chequers_serial_rivers_large_b
D:2:      layout_loops_ring

Skill      XL: |  1  2  3 |
---------------+----------+-----
Spellcasting   | 5 |  5.0
Invocations    | 1 |  1.1
Short Blades   | 1 |  1.0
Long Blades    | 1 |  1.0
Axes           | 1 |  1.0
Maces & Flails | 1 |  1.0
Staves         | 1 |  1.0
Ranged Weapons | 1 |  1.0
Throwing       | 1 |  1.0
Armour         | 1 |  1.0
Stealth        | 1 |  1.0
Shields        | 1 |  1.0
Unarmed Combat | 1 |  1.0
Evocations     | 1 |  1.0
Shapeshifting  | 1 |  1.0
Fighting       | |  4.6
Polearms       | |  6.6
Dodging        | |  4.6
Conjurations   | |  5.4
Hexes          | |  0.8
Summonings     | |  0.8
Necromancy     | |  0.8
Translocations | |  0.8
Fire Magic     | |  0.8
Ice Magic      | |  0.8
Air Magic      | |  0.8
Earth Magic    | |  0.8
Alchemy        | |  0.8

Action                     |  1- 3 |  4- 6 || total
---------------------------+-------+-------++-------
  Melee: Spear             |    76 |       ||    76
         Bite              |     9 |       ||     9
         Dagger            |    67 |     3 ||    70
         Punch             |     1 |       ||     1
 Armour: Leather armour    |    10 |       ||    10
         Ring mail         |    51 |     6 ||    57
  Dodge: Dodged            |    74 |     1 ||    75
